 Dungeon Crawl Stone Soup version 0.26-a0-712-ga5a9c9c9d0 (webtiles) character file.

Game seed: 10008110858152082952

2333 sking99 the Zephyrmancer (level 9, -13/52 HPs)
             Began as a Kobold Air Elementalist on Nov 1, 2020.
             Was a Follower of Dithmenos.
             Mangled by an orc knight
             ... wielding a +0 war axe
              (15 damage)
             ... in a bailey.
             The game lasted 00:22:20 (10203 turns).

sking99 the Zephyrmancer (Kobold Air Elementalist) Turns: 10203, Time: 00:22:20

Health: -13/52     AC:  2    Str: 11    XL:     9   Next: 70%
Magic:  3/15       EV: 19    Int: 17    God:    Dithmenos [*.....]
Gold:   381        SH:  0    Dex: 15    Spells: 3/16 levels left

rFire    + + .     SeeInvis .   t - +5 whip "Roidis" {distort, +Fly rElec rF++ Str-3}
rCold    . . .     Faith    .   (shield restricted)
rNeg     + . .     Spirit   .   a - +0 robe
rPois    .         Reflect  .   (no helmet)
rElec    +         Harm     .   (no cloak)
rCorr    .         Rampage  .   (no gloves)
MR       .....                  (no boots)
Stlth    ++++......             o - amulet of magic regeneration
HPRegen  0.17/turn              z - ring of positive energy
MPRegen  0.39/turn              x - +6 ring of strength

@: very slightly contaminated, wreathed by umbra
A: small, nightstalker 3
a: Renounce Religion, Evoke Flight


You were in a bailey.
You worshipped Dithmenos.
Dithmenos was aware of your devotion.
You visited 2 branches of the dungeon, and saw 9 of its levels.
You also visited: Bailey.

You collected 381 gold pieces.

Inventory:

Hand Weapons
 t - the +5 whip "Roidis" (weapon) {distort, +Fly rElec rF++ Str-3}
   (You found it on level 4 of the Dungeon)

   It warps and distorts space around it.
   Unwielding it can cause banishment or high damage.
   It affects your strength (-3).
   It greatly protects you from fire.
   It insulates you from electricity.
   It lets you fly.
Armour
 a - a +0 robe (worn)
 r - a +0 kite shield
 B - the +1 gold dragon scales of Limited Liability {rElec rPois rF+ rC+ MR++ Int-3 SInv, unknown}
   (You found it in a bailey)

   It affects your intelligence (-3).
   It protects you from fire.
   It protects you from cold.
   It insulates you from electricity.
   It protects you from poison.
   It affects your resistance to hostile enchantments.
   It lets you see invisible.
Jewellery
 o - an amulet of magic regeneration (around neck)
 x - a +6 ring of strength (right hand)
 z - a ring of positive energy (left hand)
Wands
 v - a wand of random effects (22)
Scrolls
 c - 6 scrolls of remove curse
 d - a scroll of immolation
 j - a scroll of random uselessness {unknown}
 m - 4 scrolls of teleportation
 n - 2 scrolls of magic mapping
 p - a scroll of enchant armour {unknown}
 s - 2 scrolls of fear
 y - a scroll of noise {unknown}
 A - a scroll of fog {unknown}
Potions
 b - a potion of might {unknown}
 e - 3 potions of flight
 f - a potion of heal wounds {unknown}
 g - 5 potions of curing
 h - 2 potions of haste {unknown}
 i - a potion of invisibility {unknown}
 k - a potion of stabbing {unknown}
 l - 3 potions of mutation {unknown}
 q - 2 potions of brilliance {unknown}
 u - a potion of ambrosia {unknown}
 w - 2 potions of lignification {unknown}
 C - a potion of resistance


   Skills:
 + Level 4.2 Fighting
 + Level 6.6 Dodging
 - Level 2.6 Stealth
 - Level 4.0 Spellcasting
 + Level 5.5 Conjurations
 * Level 8.7 Air Magic


You had 3 spell levels left.
You knew the following spells:

 Your Spells              Type           Power        Failure   Level
a - Shock                 Conj/Air       ####         1%          1
b - Static Discharge      Conj/Air       ####....     2%          3
c - Airstrike             Air            ####......   4%          4
d - Lightning Bolt        Conj/Air       ####......   24%         5

Your spell library contained the following spells:

 Spells                   Type           Power        Failure   Level
 Swiftness                Air            ####....     1%          2


Dungeon Overview and Level Annotations

Branches:
Dungeon (8/15)             Temple (1/1) D:4          Bailey (1/1)
   Lair: D:8-11

Altars:
Ashenzari
Cheibriados
Dithmenos
Elyvilon
Fedhas
Gozag
Hepliaklqana
Kikubaaqudgha
Makhleb
Nemelex Xobeh
Okawaru
Qazlal
Ru
Sif Muna
Trog
Uskayaw
Vehumet
Wu Jian
Xom
Yredelemnul
Zin
The Shining One

Annotations:
D:4 1 runed translucent door


Innate Abilities, Weirdness & Mutations

You are small and have problems with some larger weapons.
You are completely attuned to the shadows.


Message History

* * * LOW HITPOINT WARNING * * *
Casting: Shock (safe; 1% risk of failure)
Confirm with . or Enter, or press ? or * to list all spells.
Aiming: Shock (safe; 1% risk of failure)
Press: ? - help, Shift-Dir - straight line The zap hits the orc knight.
The orc knight is heavily wounded.
The zap hits the orc knight but does no damage.
The orc knight is heavily wounded.
The orc knight closely misses you.
Casting: Shock (safe; 1% risk of failure)
Confirm with . or Enter, or press ? or * to list all spells.
Aiming: Shock (safe; 1% risk of failure)
Press: ? - help, Shift-Dir - straight line The zap hits the orc knight.
The orc knight is heavily wounded.
The zap hits the orc knight.
The orc knight is severely wounded.
The orc knight hits you with a +0 war axe!
You die...

≈≈.......≈
≈≈.......≈
≈≈.......≈
#≈...)...≈
####...###
#...#
##'''##
##o.∩..##
#.@.....#
#...∩...#
##.....##
#######


You could see an orc knight.

Vanquished Creatures
  Sigmund (D:3)
  A swamp worm (D:7)
  2 orc warriors (Bailey)
  A hornet zombie (D:6)
  3 ogres
  4 sky beasts
  A necrophage (D:7)
  2 centaurs
  A phantom (D:7)
  3 bullfrogs
  3 wights (D:6)
  2 hounds
  2 iguanas
  An orc wizard (D:7)
  3 worker ants
  A hound skeleton (D:6)
  The ghost of grimjagger06 the Sneak, a weakling SpEn (D:4)
  A worker ant zombie (D:6)
  A gnoll (Bailey)
  13 adders
  3 ufetubi
  2 oozes
  2 adder skeletons
  A worm (D:4)
  5 dart slugs
  2 leopard geckos
  7 orcs
  A ball python (D:2)
  4 giant cockroaches
  8 goblins
  9 hobgoblins
  15 jackals
  3 kobolds
  2 quokkas
  8 bats
  2 frilled lizards
  A giant cockroach zombie (D:6)
  A jackal skeleton (D:4)
  A jackal zombie (D:5)
  A leopard gecko zombie (D:5)
  A quokka zombie (D:7)
  8 rats
134 creatures vanquished.

Vanquished Creatures (others)
  2 plants (D:7)
2 creatures vanquished.

Grand Total: 136 creatures vanquished

Notes
Turn   | Place    | Note
-------+----------+-------------------------------------------
     0 | D:1      | sking99 the Kobold Air Elementalist began the quest for the
                  | Orb.
     0 | D:1      | Reached XP level 1. HP: 10/10 MP: 3/3
   272 | D:1      | Reached XP level 2. HP: 15/15 MP: 1/5
   626 | D:1      | Reached XP level 3. HP: 19/19 MP: 0/6
  1718 | D:2      | Learned a level 3 spell: Static Discharge
  2008 | D:2      | Reached XP level 4. HP: 24/24 MP: 4/7
  2864 | D:3      | Noticed Sigmund
  2915 | D:3      | Killed Sigmund
  2915 | D:3      | Reached skill level 1 in Fighting
  2915 | D:3      | Reached skill level 4 in Air Magic
  2915 | D:3      | Reached XP level 5. HP: 14/30 MP: 0/9
  2915 | D:3      | Reached XP level 6. HP: 16/35 MP: 0/10
  3984 | D:4      | Learned a level 4 spell: Airstrike
  4043 | D:4      | Found a staircase to the Ecumenical Temple.
  4049 | Temple   | Entered the Ecumenical Temple
  4150 | Temple   | Became a worshipper of Dithmenos the Shadowed
  4182 | D:4      | Found a runed translucent door.
  4285 | D:4      | Found a runed translucent door.
  4291 | D:4      | Noticed a phantom
  4901 | D:4      | Got a bloodstained whip
  4902 | D:4      | Identified the +5 whip "Roidis" {distort, +Fly rElec rF++
                  | Str-3} (You found it on level 4 of the Dungeon)
  5529 | D:4      | Noticed grimjagger06's ghost (weakling SpEn)
  5533 | D:4      | Reached XP level 7. HP: 26/40 MP: 1/11
  5534 | D:4      | Reached skill level 5 in Air Magic
  5546 | D:4      | Killed grimjagger06's ghost
  5548 | D:4      | HP: 2/40 [river rat (4)]
  5890 | D:5      | Entered Level 5 of the Dungeon
  6317 | D:5      | Found a bloodstained altar of Trog.
  6999 | D:5      | Found a sparkling altar of Nemelex Xobeh.
  7116 | D:6      | Reached XP level 8. HP: 27/45 MP: 9/13
  7265 | D:6      | Reached skill level 6 in Air Magic
  7474 | D:6      | Reached * piety under Dithmenos
  7953 | D:6      | Reached skill level 5 in Dodging
  7953 | D:6      | Reached skill level 7 in Air Magic
  8050 | D:6      | Learned a level 5 spell: Lightning Bolt
  8461 | D:7      | Reached XP level 9. HP: 49/49 MP: 6/15
  8612 | D:7      | Reached skill level 8 in Air Magic
  8683 | D:7      | Reached skill level 5 in Conjurations
  9696 | D:7      | HP: 1/52 [swamp worm (6)]
  9997 | D:8      | Found a flagged portal.
 10004 | Bailey   | Entered a bailey
 10086 | Bailey   | Got pitted gold dragon scales
 10170 | Bailey   | Noticed an orc knight
 10201 | Bailey   | HP: 2/52 [orc knight/+0 war axe (6)]
 10203 | Bailey   | Mangled by an orc knight

Illustrated notes

Levels and vault maps discovered:
D:1:      dpeg_arrival_signposts, layout_loops_ring
D:2:      layout_rooms
D:3:      layout_loops_ring, uniq_sigmund
D:4:      layout_basic, minmay_temple_entry_trees, ebering_ghost_sewer_f
D:5:      layout_basic, nicolae_overflow_crystal_walls,
          nemelex_spade_bored_becter
D:6:      layout_basic
D:7:      layout_basic, worms_lemuel
D:8:      layout_cave_pools, enter_bailey_2, uniq_gastronok
Temple:   grunt_wide_crystal_templ
Bailey:   bailey_axe_3, bailey

Skill      XL: |  1  2  3  4  5  6  7  8  9 |
---------------+----------------------------+-----
Conjurations   | 2 3 4 5 |  5.5
Fighting       | 1 2 4 |  4.2
Spellcasting   | 3 4 |  4.0
Air Magic      | 4 5 7 8 |  8.7
Dodging        | 3 5 6 |  6.6
Stealth        | |  2.6

Action                   |  1- 3 |  4- 6 |  7- 9 || total
-------------------------+-------+-------+-------++-------
Melee: Unarmed           |     7 |       |       ||     7
       Dagger            |     6 |    17 |       ||    23
       Whip              |       |       |    38 ||    38
 Cast: Shock             |    82 |   112 |   184 ||   378
       Static Discharge  |       |     2 |     2 ||     4
       Airstrike         |       |       |    26 ||    26
  Use: Scroll            |       |     6 |     7 ||    13
       Potion            |       |     1 |     2 ||     3
Armor: Robe              |     6 |     9 |     8 ||    23
Dodge: Dodged            |    30 |    63 |   120 ||   213

Table legend: (Time is in decaauts)
 A = Elapsed time spent in this place.
 B = Non-inter-level travel time spent in this place.
 C = Inter-level travel time spent in this place.
 D = Time resting spent in this place.
 E = Time spent auto-exploring this place.
 F = Levels seen in this place.
 G = Mean time per level.
                   A        B        C        D        E       F      G
               +--------+--------+--------+--------+--------+-----+--------+
         Total |  10230 |   9912 |    318 |   3636 |   4639 |  10 | 1023.0 |
       Dungeon |   9918 |   9608 |    310 |   3565 |   4547 |   8 | 1239.8 |
        Temple |    113 |    105 |      8 |     18 |     68 |   1 |  113.0 |
        Bailey |    198 |    198 |      0 |     53 |     24 |   1 |  198.0 |
               +--------+--------+--------+--------+--------+-----+--------+

Top non-repeatable levels by time:
     D:4: 1885 daAuts
     D:7: 1642 daAuts
     D:1: 1613 daAuts
     D:3: 1272 daAuts
     D:6: 1237 daAuts
     D:5: 1229 daAuts
     D:2: 1012 daAuts
  Bailey: 198 daAuts
  Temple: 113 daAuts
     D:8: 23 daAuts
